 Dungeon Crawl Stone Soup version 0.19-a0-722-g27ac516 (webtiles) character file.

443 dracos369 the Basher (level 7, 0/71 HPs)
             Began as an Ogre Berserker on June 21, 2016.
             Was a Priest of Trog.
             Slain by Xiguana's ghost (8 damage)
             ... on level 4 of the Dungeon.
             The game lasted 00:11:52 (3039 turns).

dracos369 the Basher (Ogre Berserker)               Turns: 3039, Time: 00:11:53

Health: 0/71       AC:  4    Str: 21 (23) XL:     7   Next: 2%
Magic:  7/7        EV: 10    Int:  4 (6)  God:    Trog [***...]
Gold:   215        SH:  0    Dex: 10 (11) Spells: 0 memorised, 6 levels left

rFire  . . .     SeeInvis .     m - +0 flail
rCold  . . .     Gourm    +     b - +0 animal skin
rNeg   . . .     Faith    .     (no shield)
rPois  .         Spirit   .     (helmet restricted)
rElec  .         Dismiss  .     o - +0 cloak
rCorr  .         Reflect  .     (gloves unavailable)
SustAt .         Harm     .     (boots unavailable)
MR     ++...                    s - amulet of the gourmand
Stlth  +.........               (no ring)
                                (no ring)

@: very slightly contaminated, regenerating, hasted, very quick, very resistant
to hostile enchantments, very unstealthy
A: unfitting armour, tough skin 1
a: Berserk, Trog's Hand, Burn Spellbooks, Renounce Religion


You were on level 4 of the Dungeon.
You worshipped Trog.
Trog was most pleased with you.
You were very full.

You visited 1 branch of the dungeon, and saw 4 of its levels.

You collected 215 gold pieces.

Inventory:

Hand Weapons
 m - a +0 flail (weapon)
Missiles
 j - 88 stones (quivered)
 n - 24 poisoned needles
Armour
 b - a +0 animal skin (worn)
 o - a +0 cloak (worn)
Jewellery
 s - an amulet of the gourmand (around neck)
Wands
 t - a wand of flame (48/48)
Scrolls
 e - 6 scrolls of identify
Potions
 f - 2 potions of curing
 g - a potion of might {unknown}
 k - a potion of degeneration
 l - a potion of heal wounds {unknown}
 v - a potion of lignification {unknown}
 A - a potion of magic {unknown}
Comestibles
 a - a beef jerky
 c - 3 bread rations
 h - a chunk of flesh
 p - 8 fruits
 q - a meat ration


   Skills:
 + Level 4.5 Fighting
 * Level 9.5 Maces & Flails
 + Level 3.2 Dodging


You had 6 spell levels left.
You didn't know any spells.

Dungeon Overview and Level Annotations

Branches:
Dungeon (4/15)
 Temple: D:4-7

Altars:
Uskayaw

Annotations:
D:4 Xiguana's ghost, amateur VSMo


Innate Abilities, Weirdness & Mutations

You are too large for most types of armour.
You have tough skin. (AC +1)


Message History

It was a potion of haste.
You feel yourself speed up. The human skeleton hits you.
* * * LOW HITPOINT WARNING * * *
The orc closely misses you.
You are very lightly contaminated with residual magic.
It was a potion of degeneration.
There was something very wrong with that liquid.
You feel weakened.
You feel dopey.
You feel clumsy.
You thump the orc!
You kill the orc!
Trog accepts your kill. The human skeleton barely misses you.
You hit the human skeleton. You barely miss the human skeleton.
The human skeleton hits you.
* * * LOW HITPOINT WARNING * * *
Okay, then.
Your skin crawls.
You feel resistant to hostile enchantments.
Xiguana's ghost hits you!
You die...

**** ,.,* ******
,..##################...,*
,...........W...........,*
,,.##....#######.####..,,*
,,,*###..## #W# *,,,**
**** #..>## #@#*******
#....# **#Z#,*,+,*
**#####....###.#.#+*+***
...............#.+,,,+,*
######.........###,,,***
#..........###,+,,,+,*
###.###.##.....#**+*+*+*
...............#,+,*∩*,*
###.##.........#********


You could see Xiguana's ghost and a human skeleton.

Vanquished Creatures
  Sigmund (D:2)
  An orc priest (D:3)
  An orc wizard (D:3)
  Jessica (D:3)
  Natasha (twice) (D:3)
  3 gnolls (D:2)
  3 adders
  An ooze (D:1)
  2 worms
  4 giant geckos
  4 orcs
  6 bats
  4 giant cockroaches
  9 hobgoblins
  6 jackals (D:1)
  10 kobolds
  2 quokkas (D:2)
  2 giant newts
  8 goblins
  7 rats
77 creatures vanquished.

Notes
Turn   | Place    | Note
--------------------------------------------------------------
     0 | D:1      | dracos369 the Ogre Berserker began the quest for the Orb.
     0 | D:1      | Reached XP level 1. HP: 24/24 MP: 1/1
    75 | D:1      | Reached XP level 2. HP: 32/32 MP: 2/2
   131 | D:1      | Reached skill level 5 in Maces & Flails
   443 | D:1      | Reached XP level 3. HP: 28/39 MP: 3/3
   478 | D:1      | Reached ** piety under Trog
   639 | D:2      | HP: 1/58 [gnoll (3)]
   902 | D:2      | Reached skill level 6 in Maces & Flails
   907 | D:2      | Reached XP level 4. HP: 31/48 MP: 4/4
  1058 | D:2      | Noticed Sigmund
  1073 | D:2      | Killed Sigmund
  1073 | D:2      | Reached skill level 8 in Maces & Flails
  1073 | D:2      | Reached XP level 5. HP: 30/54 MP: 5/5
  1142 | D:2      | Reached XP level 6. HP: 38/62 MP: 6/6
  1550 | D:2      | Found a faded altar of an unknown god.
  2118 | D:3      | Reached *** piety under Trog
  2228 | D:3      | Noticed Natasha
  2241 | D:3      | Killed Natasha
  2241 | D:3      | Reached skill level 9 in Maces & Flails
  2291 | D:3      | Noticed Natasha
  2299 | D:3      | Killed Natasha
  2322 | D:3      | Noticed Jessica
  2329 | D:3      | Killed Jessica
  2685 | D:3      | Reached XP level 7. HP: 54/71 MP: 7/7
  2975 | D:4      | Noticed a dagger
  2975 | D:4      | Noticed a dagger
  2976 | D:4      | Found a hide-covered altar of Uskayaw.
  2998 | D:4      | Noticed Xiguana's ghost (amateur VSMo)
  3039 | D:4      | Slain by Xiguana's ghost

Vault maps used:
D:1:      scummos_arrival_forest, minmay_misc_feat_tiny
D:2:      ecumenical_altar_2, guppyfry_early_lair_pool, uniq_sigmund
D:3:      first_bread, uniq_jessica, uniq_natasha
D:4:      lemuel_doored_altar, dancing_weapons_uskayaw,
          gammafunk_temple_overflow_statue, nicolae_ossuary_entry_catacombs,
          serial_corexii_hall, corexii_hall_statues_i, corexii_hall_statues_s

Skill      XL: |  1  2  3  4  5  6 |
---------------+-------------------+-----
Maces & Flails | 5 6 8 9 |  9.5
Dodging        | 3 |  3.2
Fighting       | |  4.5

Action                   |  1- 3 |  4- 6 |  7- 9 || total
-------------------------+-------+-------+-------++-------
Melee: Mace              |    91 |     5 |       ||    96
       Flail             |       |   170 |    18 ||   188
Throw: Stone             |    10 |     2 |       ||    12
Invok: Berserk           |     1 |     6 |       ||     7
       Trog's Hand       |       |       |     1 ||     1
  Use: Scroll            |       |       |     8 ||     8
       Potion            |       |       |     3 ||     3
 Stab: Sleeping          |       |     1 |       ||     1
  Eat: Chunk             |       |    26 |     2 ||    28
Armor: Animal skin       |    16 |    41 |     4 ||    61
Dodge: Dodged            |    48 |    84 |    11 ||   143
